 Dungeon Crawl Stone Soup version 0.31.0-9-g3a7656b989 (webtiles) character file.

Game seed: 10921956275034031197

6297 Amaterasu the Cleaver (level 11, -7/84 HPs)
             Began as a Formicid Fighter on Jan 24, 2024.
             Was a Priest of Makhleb.
             Mangled by Sonja
             ... wielding a +1 dagger of distortion
              (14 damage)
             ... on level 11 of the Dungeon.
             The game lasted 00:15:21 (8987 turns).

Amaterasu the Cleaver (Formicid Fighter)            Turns: 8987, Time: 00:15:21

Health: -7/84      AC: 16    Str: 28    XL:     11   Next: 16%
Magic:  0/14       EV:  9    Int:  8    God:    Makhleb [***...]
Gold:   722        SH: 15    Dex: 13    Spells: 10/10 levels left

rFire   + + .        k - +4 broad axe of Imear {elec, rF+ Str+3 Stlth+}
rCold   . . .        a - +0 tower shield
rNeg    . . .        D - +0 chain mail
rPois   .            (helmet unavailable)
rElec   .            e - +0 cloak
rCorr   .            l - +1 pair of gloves
SInv    +            (no boots)
Will    +....        w - amulet of guardian spirit Stlth
                     s - ring of protection from fire
HPRegen 0.34/turn    (no ring)
MPRegen 0.14/turn

%: guardian spirit
@: no status effects
A: permanent stasis, dig shafts and tunnels, antennae 3, four strong arms,
iridescent scales 1
a: Dig, Shaft Self, Renounce Religion, Minor Destruction, Lesser Servant of
Makhleb


You were on level 11 of the Dungeon.
You worshipped Makhleb.
Makhleb was most pleased with you.
You visited 2 branches of the dungeon, and saw 12 of its levels.
You also visited: Bailey.

You collected 722 gold pieces.

Inventory:

Hand Weapons
 k - the +4 broad axe of Imear (weapon) {elec, rF+ Str+3 Stlth+}
   (You acquired it on level 6 of the Dungeon)

   Str+3:     It affects your strength (+3).
   rF+:       It protects you from fire.
   Stlth+:    It makes you more stealthy.
Missiles
 h - 32 poisoned darts
 i - a throwing net
Armour
 a - a +0 tower shield (worn)
 c - a scarf of invisibility
 e - a +0 cloak (worn)
 l - a +1 pair of gloves (worn)
 D - a +0 chain mail (worn)
Jewellery
 b - a ring of willpower
 f - an amulet of the acrobat
 m - a ring of magical power
 s - a ring of protection from fire (left hand)
 v - a ring of positive energy
 w - an amulet of guardian spirit (around neck)
Wands
 A - a wand of quicksilver (5)
Scrolls
 d - a scroll of enchant armour
 r - a scroll of poison
 u - 3 scrolls of revelation
 x - a scroll of vulnerability
Potions
 g - 4 potions of curing
 j - 6 potions of enlightenment
 n - 4 potions of lignification
 o - 2 potions of ambrosia
 p - 2 potions of berserk rage
 q - 2 potions of cancellation
 t - 2 potions of haste
 z - a potion of heal wounds
 B - a potion of might
 E - a potion of brilliance


   Skills:
 * Level 7.3 Fighting
 * Level 10.4 Axes
 * Level 7.9 Armour
 * Level 4.4 Dodging
 * Level 9.0 Shields
 * Level 5.0 Invocations


You had 10 spell levels left.
You didn't know any spells.
Your spell library contained the following spells:

 Spells                   Type           Power      Damage    Failure   Level
 Slow                     Hex            0%         N/A       99%         1
 Ensorcelled Hibernation  Hex/Ice        0%         N/A       100%        2
 Confusing Touch          Hex            0%         N/A       100%        3
 Fugue of the Fallen      Necr           0%         N/A       100%        3
 Sigil of Binding         Hex            0%         N/A       100%        3
 Vampiric Draining        Necr           0%         2d6       100%        3
 Anguish                  Hex/Necr       0%         N/A       100%        4


Dungeon Overview and Level Annotations

Branches:
Dungeon (11/15)            Temple (1/1) D:5          Bailey (visited)
   Lair: D:8-11         Orc: D:9-12

Altars:
Ashenzari
Cheibriados
Dithmenos
Elyvilon
Fedhas
Gozag
Hepliaklqana
Kikubaaqudgha
Makhleb
Nemelex Xobeh
Okawaru
Qazlal
Ru
Sif Muna
Trog
Uskayaw
Vehumet
Wu Jian
Xom
Yredelemnul
Zin
The Shining One

Shops:
D:3 (   D:4 ?   D:9 :

Annotations:
D:4 2 transporters
D:11 Sonja


Innate Abilities, Weirdness & Mutations

You cannot be hasted, slowed, berserked, paralysed or teleported.
You can dig through walls and to a lower floor.
You have a pair of large antennae on your head. (SInv)
Your four strong arms can wield two-handed weapons with a shield.
You are partially covered in iridescent scales. (AC +2)


Message History

Sonja hits you with a +1 dagger of distortion.
Space warps around you.
The orc priest invokes the aid of Beogh against you.
Beogh smites you!
* * * LOW HITPOINT WARNING * * *
Sonja hits you but does no damage. Space warps horribly around you!
* * * LOW HITPOINT WARNING * * *
You block Sonja's attack. Sonja hits you but does no damage.
Space warps around you.
* * * LOW HITPOINT WARNING * * *
You block the orc's attack. x2
You feel much better. Sonja hits you but does no damage.
Space warps around you.
* * * LOW HITPOINT WARNING * * *
You block Sonja's attack. Sonja hits you but does no damage.
The orc hits you with a +0 mace.
* * * LOW HITPOINT WARNING * * *
The orc hits you but does no damage. You block Sonja's attack.
Sonja hits you but does no damage. Space warps horribly around you!
* * * LOW HITPOINT WARNING * * *
You block Sonja's attack.
You feel much better.
You block Sonja's attack. x2; Sonja barely misses you.
The orc hits you but does no damage. The orc misses you.
The orc priest miscasts a cantrip.
You closely miss Sonja.
Sonja is heavily wounded.
You hit the orc. You barely miss the orc.
Sonja bows elegantly.
You block Sonja's attack. Sonja hits you but does no damage.
Space warps horribly around you!!
* * * LOW HITPOINT WARNING * * *
Sonja hits you but does no damage. The orc hits you with a +0 whip.
* * * LOW HITPOINT WARNING * * *
Sonja hits you but does no damage. Space warps around you.
* * * LOW HITPOINT WARNING * * *
Sonja hits you with a +1 dagger of distortion.
* * * LOW HITPOINT WARNING * * *
Space warps horribly around you!
You die...
Sonja applauds herself.

# ≈ ≈ ≈
~################################
.........(..(...o................
..##############@Ko..............
..# #.o....###'###..#. ... { { {
#.....## ♣.♣ ##.#. ..{ ##....#
♣.♣ #.#. ...# #.#..# ♣.♣ #.#.
...# #.#..# ♣∩♣ #.#. ...# {
#.#..# ♣♣♣ #.#. #....# #.#.
####.# #.#


You could see Sonja, an orc priest and 2 orcs.

Vanquished Creatures
  An unseen horror (D:10)
  A wraith (D:9)
  Sigmund (D:3)
  9 yaks
  A steam dragon (D:10)
  Grum (D:8)
  An acid dragon (D:8)
  2 water moccasins (D:7)
  10 orc warriors (Bailey)
  A sky beast (D:7)
  2 ogres
  2 wolves (D:8)
  2 centaurs
  A phantom (D:4)
  2 kobold brigands
  4 scorpions
  A bullfrog (D:9)
  6 wights
  4 killer bees (D:10)
  5 howler monkeys
  5 hounds
  3 orc priests
  A bombardier beetle (D:4)
  2 gnoll boudas (D:9)
  3 jellies
  2 iguanas
  A sleepcap (D:6)
  Natasha (thrice) (D:3)
  8 orc wizards
  Robin (D:3)
  17 gnolls
  4 adders
  2 shadow imps
  A white imp (D:5)
  A ribbon worm (D:2)
  19 orcs
  11 ball pythons
  6 bats
  6 endoplasms
  7 giant cockroaches
  15 hobgoblins
  5 jackals (D:4)
  29 kobolds
  2 frilled lizards (D:2)
  14 goblins
  4 rats
229 creatures vanquished.

Notes
Turn   | Place    | Note
-------+----------+-------------------------------------------
     0 | D:1      | Amaterasu the Formicid Fighter began the quest for the Orb.
     0 | D:1      | Reached XP level 1. HP: 18/18 MP: 1/1
    61 | D:1      | Reached XP level 2. HP: 24/24 MP: 2/2
   496 | D:1      | Reached XP level 3. HP: 29/29 MP: 3/3
   857 | D:2      | Reached XP level 4. HP: 26/37 MP: 4/4
  1144 | D:2      | Reached skill level 3 in Axes
  1514 | D:3      | Noticed Sigmund
  1534 | D:3      | Found Leumugh's Weapon Shoppe.
  1546 | D:3      | Noticed Robin
  1555 | D:3      | Reached XP level 5. HP: 30/42 MP: 5/5
  1570 | D:3      | Killed Robin
  1708 | D:3      | Noticed Natasha
  1716 | D:3      | Killed Natasha
  1717 | D:3      | Reached skill level 1 in Dodging
  1860 | D:3      | Noticed Natasha
  1868 | D:3      | Killed Natasha
  1869 | D:3      | Reached XP level 6. HP: 36/48 MP: 6/6
  1989 | D:3      | Killed Sigmund
  1990 | D:3      | Reached skill level 4 in Axes
  2226 | D:3      | Noticed Natasha
  2233 | D:3      | Killed Natasha
  2234 | D:3      | Reached skill level 5 in Shields
  2234 | D:3      | Reached XP level 7. HP: 55/55 MP: 7/7
  2368 | D:4      | Reached skill level 5 in Armour
  2573 | D:4      | Reached skill level 5 in Axes
  3060 | D:4      | Found Gaum's Magic Scroll Emporium.
  3090 | D:4      | Found a transporter.
  3183 | D:4      | Found a transporter.
  3285 | D:4      | Reached XP level 8. HP: 56/61 MP: 8/8
  3428 | D:5      | Entered Level 5 of the Dungeon
  3657 | D:5      | Found a staircase to the Ecumenical Temple.
  3662 | Temple   | Entered the Ecumenical Temple
  3682 | Temple   | Became a worshipper of Makhleb the Destroyer
  3785 | D:5      | Reached skill level 6 in Axes
  4006 | D:5      | Reached skill level 5 in Fighting
  4248 | D:6      | Reached skill level 1 in Invocations
  4307 | D:6      | Found an ornate altar of the Wu Jian Council.
  4943 | D:6      | Identified a scroll of acquirement
  4943 | D:6      | Acquired the +4 broad axe of Imear {elec, rF+ Str+3 Stlth+}
  5033 | D:7      | Reached skill level 7 in Axes
  5033 | D:7      | Reached XP level 9. HP: 68/68 MP: 10/10
  5430 | D:7      | Reached * piety under Makhleb
  5440 | D:7      | Identified the +5 dagger of Reiczorph {holy, rC- rN+ Str+3
                  | Int+3}
  6121 | D:7      | Gained mutation: You are partially covered in iridescent
                  | scales. (AC +2) [potion of mutation]
  6236 | D:8      | Reached skill level 8 in Axes
  6338 | D:8      | Noticed Grum
  6347 | D:8      | Killed Grum
  6921 | D:8      | Reached XP level 10. HP: 75/76 MP: 12/12
  7169 | D:9      | Reached ** piety under Makhleb
  7170 | D:9      | Reached skill level 9 in Axes
  7251 | D:9      | Found Pobbiun's Book Emporium.
  7262 | D:9      | Found a sparkling altar of Nemelex Xobeh.
  7263 | D:9      | Found a broken altar of Ashenzari.
  7384 | D:9      | Found a flagged portal.
  7401 | Bailey   | Entered a bailey
  8178 | D:10     | Entered Level 10 of the Dungeon
  8244 | D:10     | Noticed an unseen horror
  8249 | D:10     | Killed an unseen horror
  8250 | D:10     | Reached skill level 10 in Axes
  8342 | D:10     | Reached *** piety under Makhleb
  8852 | D:10     | Reached XP level 11. HP: 82/84 MP: 12/14
  8872 | D:10     | Reached skill level 5 in Invocations
  8955 | D:11     | Noticed Sonja
  8984 | D:11     | HP: 2/84 [Sonja/+1 dagger of distortion (3)]
  8987 | D:11     | Mangled by Sonja

Illustrated notes

Levels and vault maps discovered:
D:1:      nzn_arrival_crosshair, layout_loops_ring, columned_hall_lemuel
D:2:      layout_loops_ring
D:3:      layout_rooms, serial_shops, shop, minivault_23,
          kennysheep_generic_room_5, uniq_natasha, uniq_sigmund, uniq_robin
D:4:      gammafunk_cloud_chamber, layout_rooms, serial_shops, shop,
          minmay_fractal_squares_gapless_5
D:5:      layout_rooms, temple_statues
D:6:      layout_loops_cross, overflow_temple_1_default,
          chequers_serial_rivers_marsh, grunt_ministairs_12,
          minmay_misc_feat_alley
D:7:      layout_gridville, item_on_display_a
D:8:      layout_loops_ring, serial_aquarium, aquarium_bridge_square
          [aquarium_subvault_bridge, aquarium_subvault_wall,
          aquarium_subvault_wall, aquarium_subvault_bridge],
          aquarium_bridge_square [aquarium_subvault_bridge,
          aquarium_subvault_window, aquarium_subvault_bridge,
          aquarium_subvault_balcony], aquarium_window_2, aquarium_window_corner,
          aquarium_window_1, aquarium_window_fake, aquarium_view_2a,
          aquarium_view_2e, palyth_stone_intersect, hangedman_decor_riveting,
          uniq_grum
D:9:      layout_gridville, gammafunk_temple_overflow_pools, enter_bailey_6,
          serial_shops, shop
D:10:     layout_loops_ring
D:11:     layout_stronghold, david_lair_generic, serial_column_ruins,
          column_ruins_hut, column_ruins_open_tiny, column_ruins_open_tiny,
          column_ruins_columns_water, column_ruins_columns_straight,
          kennysheep_flooded_box, minmay_evil_grid, uniq_sonja
Temple:   hellmonk_temple_of_storms

Skill      XL: |  1  2  3  4  5  6  7  8  9 10 11 |
---------------+----------------------------------+-----
Armour         | 4 5 6 7 |  7.9
Axes           | 3 4 5 7 8 10 | 10.4
Dodging        | 1 2 3 4 |  4.4
Fighting       | 4 5 6 7 |  7.3
Shields        | 5 6 8 9 |  9.0
Invocations    | 2 3 4 5 |  5.0

Action                     |  1- 3 |  4- 6 |  7- 9 | 10-12 || total
---------------------------+-------+-------+-------+-------++-------
  Melee: War axe           |    62 |   122 |   187 |       ||   371
         Broad axe         |       |       |   107 |   187 ||   294
  Throw: Dart              |       |       |     7 |     3 ||    10
    Use: Scroll            |     1 |     2 |    14 |     4 ||    21
         Potion            |       |     1 |     2 |     3 ||     6
 Armour: Scale mail        |    35 |    91 |   213 |    57 ||   396
         Chain mail        |       |       |       |    67 ||    67
  Dodge: Dodged            |    27 |    65 |   139 |    55 ||   286
  Block: Buckler           |    18 |    28 |    75 |       ||   121
         Tower shield      |       |       |    46 |   186 ||   232
